 Dungeon Crawl Stone Soup version 0.31.0-9-g3a7656b989 (webtiles) character file.

Game seed: 4814904051320838019

209 qw the Shooter (level 5, 0/42 HPs)
             Began as a Demigod Hunter on Feb 2, 2024.
             Slain by an orc priest
             ... wielding a +0 hand axe
              (5 damage)
             ... on level 3 of the Dungeon.
             The game lasted 00:00:09 (1733 turns).

qw the Shooter (Demigod Hunter)                     Turns: 1733, Time: 00:00:09

Health: 0/42       AC:  4    Str: 12    XL:     5   Next: 30%
Magic:  7/7        EV: 12    Int: 11    God:
Gold:   124        SH:  0    Dex: 21    Spells: 4/4 levels left

rFire   . . .        a - +0 shortbow
rCold   . . .        (shield currently unavailable)
rNeg    . . .        c - +0 leather armour
rPois   .            (no helmet)
rElec   .            d - scarf {repulsion}
rCorr   .            (no gloves)
SInv    .            b - +0 pair of boots
Will    .....        (no amulet)
Stlth   ++           (no ring)
HPRegen 0.27/turn    (no ring)
MPRegen 0.10/turn

%: repel missiles
@: about to teleport
A: high MP 1, forlorn, divine attributes
a: no special abilities


You were on level 3 of the Dungeon.
You visited 1 branch of the dungeon, and saw 3 of its levels.

You collected 124 gold pieces.


Innate Abilities, Weirdness & Mutations

You have an increased reservoir of magic. (+10% MP)
You shall have no god before yourself.
Your divine heritage dramatically boosts your attributes as you level up.


   Skills:
 + Level 2.4 Fighting
 - Level 6.0 Ranged Weapons
 - Level 2.0 Dodging
 - Level 0.8 Stealth


You had 4 spell levels left.
You didn't know any spells.
Your spell library was empty.

Inventory:

Hand Weapons
 a - a +0 shortbow (weapon)
Armour
 b - a +0 pair of boots (worn)
 c - a +0 leather armour (worn)
 d - a scarf of repulsion (worn)
Jewellery
 g - a ring of resist corrosion
Scrolls
 e - a scroll of teleportation
 i - a scroll of fear {unknown}
 j - a scroll of blinking {unknown}
 k - a scroll of revelation {unknown}
Potions
 f - a potion of haste
 h - a potion of lignification {unknown}

Dungeon Overview and Level Annotations

Branches:
Dungeon (3/15)

Shops:
D:1 =


Message History

You shoot an arrow. The arrow closely misses the adder.
The adder misses you. The adder closely misses you.
You shoot an arrow. The arrow closely misses the adder.
The adder bites you but does no damage.
You shoot an arrow. The arrow misses the adder.
The adder misses you. The adder barely misses you.
You shoot an arrow. The arrow hits the adder.
You kill the adder!
You shoot an arrow. The arrow hits the orc priest.
The orc priest is heavily wounded.
You shoot an arrow. The arrow hits the orc!
You kill the orc!
You shoot an arrow. The arrow barely misses the orc priest.
The orc priest mumbles some strange prayers to Beogh against you.
Beogh smites you!
You shoot an arrow.
The arrow completely misses the orc priest.
The orc priest closely misses you.
You shoot an arrow. The arrow hits the orc priest.
The orc priest is almost dead.
You hear a shout!
The orc priest completely misses you.
You shoot an arrow. The arrow hits the orc priest.
The orc priest is almost dead.
The orc priest mumbles some strange prayers to Beogh against you.
Pain shoots through your body!
You shoot an arrow.
The arrow completely misses the orc priest.
The orc priest hits you with a +0 hand axe.
The orc priest invokes the aid of Beogh against you.
Beogh smites you!
1732 ||| READING 2 scrolls of teleportation.
As you read the scroll of teleportation, it crumbles to dust.
You feel strangely unstable.
The orc priest hits you with a +0 hand axe.
You shoot an arrow.
The arrow hits the orc priest but does no damage.
The orc priest is almost dead.
The orc priest hits you with a +0 hand axe.
You die...

#.. )... ...
#... ). #... ..
#.. )# #.. .#
#####.###o##
........@..#
#######.##.#
##.## # ##...#.#
########......#
##.............#
........#.....##
##.####.#....##
#.# #.#.#.##


You could see an orc priest.

Vanquished Creatures
  2 orc priests
  Jessica (D:3)
  An orc wizard (D:3)
  2 adders
  A dart slug (D:1)
  2 ribbon worms (D:2)
  10 orcs
  3 endoplasms
  4 giant cockroaches
  6 hobgoblins
  2 jackals (D:3)
  7 kobolds
  3 quokkas
  2 ball pythons
  3 bats
  3 frilled lizards
  7 goblins
  8 rats
67 creatures vanquished.

Notes
Turn   | Place    | Note
-------+----------+-------------------------------------------
     0 | D:1      | qw the Demigod Hunter began the quest for the Orb.
     0 | D:1      | Reached XP level 1. HP: 17/17 MP: 3/3
     0 | D:1      | 0 ||| qw: Version: 0.3-a-155-g5e7d8dd
     0 | D:1      | 0 ||| qw: Game counter: 53
     0 | D:1      | 0 ||| qw: Melee chars always use a shield: true
     0 | D:1      | 0 ||| qw: God list: Okawaru
     0 | D:1      | 0 ||| qw: Allow faded altars: false
     0 | D:1      | 0 ||| qw: Do Orc after clearing Dungeon:15 true
     0 | D:1      | 0 ||| qw: Do second Lair branch before Depths: true
     0 | D:1      | 0 ||| qw: Lair rune preference: random
     0 | D:1      | 0 ||| qw: Goals: Normal
     0 | D:1      | 0 ||| PLANNING D:1-11
    29 | D:1      | Found Wostrus's Jewellery Shoppe.
    34 | D:1      | 34 ||| SHOPLISTING amulet of guardian spirit (420 gold,
                  | have 0).
    34 | D:1      | 34 ||| SHOPLISTING ring "Fos Jour" {+Blink rPois rC+ rN+
                  | Slay-2} (546 gold, have 0).
    34 | D:1      | 34 ||| SHOPLISTING ring "Icviq" {+Blink Will+ MP+9 Slay+2}
                  | (672 gold, have 0).
    34 | D:1      | 34 ||| SHOPLISTING ring of willpower (350 gold, have 0).
   126 | D:1      | Reached skill level 4 in Ranged Weapons
   266 | D:1      | Reached XP level 2. HP: 24/24 MP: 4/4
   591 | D:1      | 591 ||| READING scroll labelled HAJEEZ FEDDAM.
   692 | D:1      | 692 ||| READING scroll labelled APSISTRIUJEMA.
   697 | D:1      | 697 ||| READING scroll labelled QEREUJ LUTAOLI.
   697 | D:1      | 697 ||| IDENTIFYING grey potion
   698 | D:1      | 698 ||| READING scroll labelled LUUGOL SEYMA.
   699 | D:1      | 699 ||| DROPPING scroll of butterflies.
   700 | D:1      | 700 ||| DROPPING potion of invisibility.
   758 | D:2      | Reached XP level 3. HP: 29/29 MP: 5/5
  1214 | D:2      | 1214 ||| UPGRADING to +0 pair of boots.
  1219 | D:2      | 1219 ||| UPGRADING to scarf of repulsion.
  1224 | D:2      | 1224 ||| READING scroll of identify.
  1224 | D:2      | 1224 ||| IDENTIFYING viscous clear potion
  1225 | D:2      | 1225 ||| READING 2 scrolls labelled MEFRUY RONEMP.
  1226 | D:2      | 1226 ||| DROPPING scroll of immolation.
  1243 | D:3      | 1243 ||| STAIRDANCE
  1250 | D:2      | Reached skill level 5 in Ranged Weapons
  1250 | D:2      | Reached XP level 4. HP: 35/36 MP: 6/6
  1255 | D:3      | 1255 ||| STAIRDANCE
  1261 | D:3      | 1261 ||| STAIRDANCE
  1298 | D:3      | Noticed Jessica
  1304 | D:3      | Killed Jessica
  1375 | D:3      | 1375 ||| FLEEEEING.
  1376 | D:3      | 1376 ||| FLEEEEING.
  1377 | D:3      | 1377 ||| FLEEEEING.
  1378 | D:3      | 1378 ||| FLEEEEING.
  1443 | D:3      | 1443 ||| FLEEEEING.
  1444 | D:3      | 1444 ||| FLEEEEING.
  1552 | D:3      | Reached skill level 6 in Ranged Weapons
  1552 | D:3      | Reached XP level 5. HP: 18/41 MP: 7/7
  1731 | D:3      | HP: 6/42 [orc priest/divine providence (13)]
  1732 | D:3      | 1732 ||| READING 2 scrolls of teleportation.
  1733 | D:3      | Slain by an orc priest

Levels and vault maps discovered:
D:1:      lightli_arrival_maybe_door_vault, layout_basic, serial_shops,
          nicolae_shop_tiny_statue_garden
D:2:      layout_rooms
D:3:      layout_loops_ring, nicolae_the_louvre, uniq_jessica

Skill      XL: |  1  2  3  4 |
---------------+-------------+-----
Ranged Weapons | 4 5 6 |  6.0
Fighting       | 2 |  2.4
Dodging        | 2 |  2.0
Stealth        | |  0.8

Action                     |  1- 3 |  4- 6 || total
---------------------------+-------+-------++-------
   Fire: Shortbow          |   132 |    95 ||   227
    Use: Scroll            |     6 |     1 ||     7
 Armour: Leather armour    |    19 |    26 ||    45
  Dodge: Dodged            |    22 |    27 ||    49
         Repelled          |       |     1 ||     1

Table legend:
 A = Non-vault XP
 B = Vault XP
 C = Vault XP percentage of total XP
 D = Non-vault monster count
 E = Vault monster count
 F = Vault count percentage of total count
                 A         B        C        D         E       F
            +---------+---------+-------+---------+---------+-------
      Total |     262 |      37 |  12.4 |      66 |       1 |   1.5
            +---------+---------+-------+---------+---------+-------
        D:1 |      28 |       0 |   0.0 |      18 |       0 |   0.0
        D:2 |     106 |       0 |   0.0 |      28 |       0 |   0.0
        D:3 |     128 |      37 |  22.4 |      20 |       1 |   4.8
            +---------+---------+-------+---------+---------+-------
